 Dungeon Crawl Stone Soup version 0.20-a0 (webtiles) character file.

569 JeffiDaFish the Chopper (level 7, -2/62 HPs)
             Began as a Hill Orc Fighter on Oct 28, 2016.
             Slain by a gnoll
             ... wielding a +0 spear
              (5 damage)
             ... on level 5 of the Dungeon.
             The game lasted 00:08:05 (3405 turns).

JeffiDaFish the Chopper (Hill Orc Fighter)          Turns: 3405, Time: 00:08:06

Health: -2/62      AC: 12    Str: 26    XL:     7   Next: 33%
Magic:  7/7        EV:  6    Int:  8    God:
Gold:   202        SH: 10    Dex: 10    Spells: 0 memorised, 6 levels left

rFire  . . .     SeeInvis .     a - +0 war axe
rCold  . . .     Gourm    .     k - +0 chain mail
rNeg   . . .     Faith    .     c - +0 shield
rPois  .         Spirit   .     b - +1 helmet
rElec  .         Reflect  .     (no cloak)
rCorr  .         Harm     .     (no gloves)
MR     .....                    (no boots)
Stlth  ..........               (no amulet)
                                (no ring)
                                (no ring)

@: mighty
A: rugged brown scales 1
a: no special abilities


You were on level 5 of the Dungeon.
You were not hungry.

You visited 1 branch of the dungeon, and saw 5 of its levels.

You collected 202 gold pieces.

Inventory:

Hand Weapons
 a - a +0 war axe (weapon)
Armour
 b - a +1 helmet (worn)
 c - a +0 shield (worn)
 k - a +0 chain mail (worn)
Scrolls
 e - a scroll of teleportation
 i - 5 scrolls of blinking
 j - 8 scrolls of remove curse
 n - 2 scrolls of identify
Comestibles
 f - 7 bread rations
 g - 3 meat rations
 h - 5 fruits
 l - 2 chunks of flesh
 m - a royal jelly


   Skills:
 + Level 5.2 Fighting
 + Level 7.1 Axes
 + Level 4.4 Armour
 + Level 1.1 Dodging
 + Level 4.9 Shields


You had 6 spell levels left.
You didn't know any spells.

Dungeon Overview and Level Annotations

Branches:
Dungeon (5/15)             Temple (0/1) D:4

Altars:
Hepliaklqana


Innate Abilities, Weirdness & Mutations

You are partially covered in rugged brown scales. (AC +1, +3% HP)


Message History

* * * LOW HITPOINT WARNING * * *
You slash the gnoll!
You kill the gnoll!
You block the gnoll's attack. x2; The gnoll barely misses you. x2
The gnoll closely misses you. The gnoll hits you but does no damage.
The gnoll hits you with a halberd.
* * * LOW HITPOINT WARNING * * *
You block the gnoll's attack.
There is an open door, spattered with blood here.
Things that are here:
a halberd; a scroll labeled OWOSHR AJIRASIF You are too injured to fight recklessly!
You are too injured to fight recklessly!
You hit the gnoll.
The gnoll is moderately wounded.
You slash the gnoll! You completely miss the gnoll.
The gnoll hits you but does no damage. x3; The gnoll hits you with a halberd.
* * * LOW HITPOINT WARNING * * *
The gnoll hits you with a spear.
You die...

#### ######## #... #......#
#... #.####.# #(.. #)# #.#
#...###@####.#
####..)#.ggg..#.###########
.......'(.>...#............
########......#############
.........)....# #<....#
.####.#(.##'### #####.#
#........# #.# #........#
#.# ............# #.#


You could see 3 gnolls.

Vanquished Creatures
  2 ogres (D:5)
  A crimson imp (D:5)
  2 hounds
  A gnoll shaman (D:5)
  Jessica (D:3)
  Ijyb (D:2)
  Terence (D:3)
  A worker ant (D:5)
  Robin (D:3)
  8 adders
  A gnoll (D:5)
  A worm (D:2)
  3 dart slugs
  5 leopard geckos
  2 orcs (D:4)
  2 ball pythons
  2 giant cockroaches
  11 goblins
  9 hobgoblins
  3 jackals (D:3)
  5 kobolds
  A quokka (D:2)
  10 bats
  2 frilled lizards
  7 rats
83 creatures vanquished.

Notes
Turn   | Place    | Note
-------+----------+-------------------------------------------
     0 | D:1      | JeffiDaFish the Hill Orc Fighter began the quest for the Orb.
     0 | D:1      | Reached XP level 1. HP: 19/19 MP: 1/1
   310 | D:1      | Reached XP level 2. HP: 26/27 MP: 2/2
   361 | D:1      | Reached skill level 3 in Axes
  1026 | D:2      | Reached XP level 3. HP: 29/33 MP: 3/3
  1167 | D:2      | HP: 1/33 [poisoned by an adder]
  1553 | D:2      | Noticed Ijyb
  1567 | D:2      | Killed Ijyb
  1567 | D:2      | Reached XP level 4. HP: 32/40 MP: 4/4
  1624 | D:2      | Found a hazy altar of Hepliaklqana.
  1990 | D:3      | Found a faded altar of an unknown god.
  2077 | D:3      | Reached skill level 4 in Axes
  2130 | D:3      | Noticed Robin
  2144 | D:3      | HP: 1/41 [goblin/enchanted dagger[Robin] (8)]
  2145 | D:3      | Killed Robin
  2145 | D:3      | Reached XP level 5. HP: 1/47 MP: 5/5
  2469 | D:3      | Reached skill level 5 in Axes
  2567 | D:3      | Noticed Jessica
  2576 | D:3      | Killed Jessica
  2576 | D:3      | Reached XP level 6. HP: 53/53 MP: 6/6
  2584 | D:3      | Gained mutation: You are partially covered in rugged brown scales. (AC +1, +3% HP) [potion of beneficial mutation]
  2627 | D:3      | Noticed Terence
  2640 | D:3      | Killed Terence
  2640 | D:3      | Reached skill level 1 in Dodging
  2884 | D:4      | Found a staircase to the Ecumenical Temple.
  3142 | D:5      | Entered Level 5 of the Dungeon
  3166 | D:5      | Reached skill level 6 in Axes
  3219 | D:5      | Reached skill level 5 in Fighting
  3221 | D:5      | Reached XP level 7. HP: 47/62 MP: 7/7
  3298 | D:5      | Reached skill level 7 in Axes
  3405 | D:5      | HP: 3/62 [gnoll/halberd (5)]
  3405 | D:5      | Slain by a gnoll

Vault maps used:
D:1:      eino_arrival_cavern_a, minmay_tetromino_i4
D:2:      marbit_many_paths, interstate_on_off, uniq_iyjb
D:3:      kennysheep_goblin_castle, ecumenical_altar_2, first_bread,
          uniq_jessica, uniq_terence

Skill      XL: |  1  2  3  4  5  6  7 |
---------------+----------------------+-----
Axes           | 3 4 5 6 7 |  7.1
Fighting       | 4 5 |  5.2
Shields        | 4 |  4.9
Armour         | 4 |  4.4
Dodging        | 1 |  1.1

Action                   |  1- 3 |  4- 6 |  7- 9 || total
-------------------------+-------+-------+-------++-------
Melee: War axe           |    98 |   199 |    20 ||   317
  Use: Scroll            |     5 |     5 |       ||    10
       Potion            |     4 |     5 |     1 ||    10
  Eat: Chunk             |     2 |     6 |     1 ||     9
Armor: Scale mail        |    50 |    11 |       ||    61
       Chain mail        |       |   139 |    23 ||   162
Dodge: Dodged            |    33 |    58 |    11 ||   102
Block: Shield            |    56 |   128 |    32 ||   216
